 Dungeon Crawl Stone Soup version 0.31.0-12-g77e489cdc1 (webtiles) character file.

Game seed: 11184212225070757328

455 KKCryptic the Cudgeller (level 6, -9/72 HPs)
             Began as a Demonspawn Berserker on Feb 12, 2024.
             Was a Believer of Trog.
             Killed from afar by Pikel (17 damage)
             ... with a bolt of acid
             ... on level 5 of the Dungeon.
             The game lasted 00:15:42 (3685 turns).

KKCryptic the Cudgeller (Demonspawn Berserker)      Turns: 3685, Time: 00:15:43

Health: -9/72      AC:  7    Str: 19    XL:     6   Next: 76%
Magic:  6/6        EV:  6    Int: 10    God:    Trog [**....]
Gold:   278        SH:  0    Dex: 12    Spells: 5/5 levels left

rFire   . . .        o - +0 whip (flame)
rCold   . . .        (no shield)
rNeg    . . .        v - +0 plate armour
rPois   .            (no helmet)
rElec   .            (cloak unavailable)
rCorr   .            (no gloves)
SInv    .            (no boots)
Will    .....        i - amulet of the acrobat Stlth
                     (no ring)
HPRegen 0.32/turn    (no ring)
MPRegen 0.10/turn

%: acrobat
@: berserking (expiring), corroded, very quick
A: spiny 1, big brain 1, weakness stinger 3
a: Renounce Religion, Berserk, Trog's Hand


You were on level 5 of the Dungeon.
You worshipped Trog.
Trog was pleased with you.
You visited 1 branch of the dungeon, and saw 5 of its levels.

You collected 382 gold pieces.
You spent 104 gold pieces at shops.

Inventory:

Hand Weapons
 a - a +0 mace
 o - a +0 whip of flaming (weapon)
Missiles
 f - 4 poisoned darts
 g - 2 boomerangs (quivered)
Armour
 n - an orb of mayhem
 v - a +0 plate armour (worn)
Jewellery
 i - an amulet of the acrobat (around neck)
 l - an amulet of guardian spirit
Talismans
 j - a blade talisman
 q - a dragon-blood talisman
Scrolls
 b - 2 scrolls of blinking
 c - a scroll of revelation {unknown}
 h - a scroll of immolation {unknown}
 m - a scroll of fear {unknown}
 p - a scroll of acquirement {unknown}
 r - a scroll of poison
 s - a scroll of teleportation {unknown}
 w - a scroll of torment {unknown}
 x - a scroll of enchant armour {unknown}
Potions
 d - a potion of might
 e - 2 potions of attraction
 k - a potion of enlightenment
 t - 2 potions of heal wounds
 u - a potion of curing
 z - a potion of degeneration {unknown}


   Skills:
 + Level 4.0 Fighting
 * Level 6.0 Maces & Flails
 + Level 3.0 Armour
 - Level 1.7 Dodging


You had 5 spell levels left.
You didn't know any spells.
Your spell library was empty.

Dungeon Overview and Level Annotations

Branches:
Dungeon (5/15)
 Temple: D:4-7

Altars:
Ashenzari
Cheibriados
Kikubaaqudgha
Nemelex Xobeh

Shops:
D:2 ![

Annotations:
D:5 Pikel


Innate Abilities, Weirdness & Mutations

You are partially covered in sharp spines.
You have an unusually large brain. (Int +2)
You have a sharp stinger which inflicts weakening toxins.


Message History

You barely miss Pikel. You hit Pikel. You burn Pikel.
Pikel is lightly wounded.
The lemure is struck by your spines. The lemure barely misses you.
Pikel hits you with a +1 whip of flaming!
Pikel burns you.
You hit Pikel. You burn Pikel.
Your tail-slap misses Pikel.
Pikel is lightly wounded.
The lemure hits you!
You miss Pikel.
Pikel is lightly wounded.
The lemure is struck by your spines. The lemure hits you but does no damage.
Pikel hits you with a +1 whip of flaming.
Pikel burns you. The lemure is struck by your spines. The lemure hits you.
You hit Pikel. You burn Pikel.
Pikel is moderately wounded.
You closely miss Pikel.
Pikel is moderately wounded.
The lemure hits you.
Pikel zaps a wand.
The bolt of acid hits you!
* * * LOW HITPOINT WARNING * * *
The acid corrodes you! The lemure is struck by your spines.
The lemure barely misses you.
Okay, then.
You are too berserk!
You barely miss Pikel. You tail-slap Pikel.
Pikel looks weaker.
Pikel is moderately wounded.
You closely miss Pikel.
Pikel is moderately wounded.
The lemure is struck by your spines. The lemure hits you but does no damage.
Pikel hits you but does no damage. The lemure hits you.
* * * LOW HITPOINT WARNING * * *
You miss Pikel.
Pikel is moderately wounded.
You whack Pikel! You burn Pikel.
Pikel is severely wounded.
The lemure is struck by your spines. The lemure hits you!
* * * LOW HITPOINT WARNING * * *
Pikel zaps a wand.
The bolt of acid hits you!
You die...
Pikel says, "Another soul for the market."

#. ....... #.##
.....# .... #....#
###.. #....###
.....##.<....
...........#
#....5....# .
#55...# ..##@###.#
........K.#.#
......#.....#
###...#.#...######.#
...$ #............#
..... #.#...#####..
###. #.#......... #.
..##...#..## #
#..##..#


You could see Pikel (weak) and 3 lemures.

Vanquished Creatures
  An ogre (D:3)
  A black bear (D:4)
  A lemure (D:5)
  A hound (D:4)
  A jelly (D:4)
  Terence (D:3)
  An iguana (D:4)
  2 orc wizards (D:4)
  3 adders (D:2)
  5 dart slugs
  A ribbon worm (D:2)
  8 orcs
  10 bats
  5 endoplasms (D:2)
  5 giant cockroaches
  7 hobgoblins
  2 jackals (D:4)
  8 kobolds
  4 quokkas (D:2)
  4 ball pythons
  5 frilled lizards
  4 goblins
  9 rats
89 creatures vanquished.

Notes
Turn   | Place    | Note
-------+----------+-------------------------------------------
     0 | D:1      | KKCryptic the Demonspawn Berserker began the quest for the
                  | Orb.
     0 | D:1      | Reached XP level 1. HP: 18/18 MP: 1/1
   151 | D:1      | Reached skill level 3 in Maces & Flails
   248 | D:1      | Gained mutation: You are partially covered in sharp spines.
                  | [demonic ancestry]
   248 | D:1      | Reached XP level 2. HP: 19/24 MP: 2/2
   971 | D:2      | Gained mutation: You have a small tail. [demonic ancestry]
   971 | D:2      | Reached XP level 3. HP: 29/29 MP: 3/3
   973 | D:2      | Reached skill level 4 in Maces & Flails
  1061 | D:2      | Reached ** piety under Trog
  1119 | D:2      | Gained mutation: You have a tail ending in a sharp stinger.
                  | [demonic ancestry]
  1119 | D:2      | Reached XP level 4. HP: 18/35 MP: 4/4
  1319 | D:2      | Found Ubbul's Distillery.
  1325 | D:2      | Bought a potion of heal wounds for 65 gold pieces
  1325 | D:2      | Bought a potion of curing for 39 gold pieces
  1535 | D:2      | Found Dyrphusi's Antique Armour Boutique.
  1589 | D:3      | Noticed Terence
  1600 | D:3      | Killed Terence
  1789 | D:3      | Noticed an ogre
  1800 | D:3      | Killed an ogre
  1801 | D:3      | Reached skill level 5 in Maces & Flails
  1801 | D:3      | Gained mutation: You have an unusually large brain. (Int
                  | +2) [demonic ancestry]
  1801 | D:3      | Reached XP level 5. HP: 41/41 MP: 5/5
  1918 | D:3      | Found an ancient bone altar of Kikubaaqudgha.
  1992 | D:3      | Found a sparkling altar of Nemelex Xobeh.
  2096 | D:3      | Found a broken altar of Ashenzari.
  2106 | D:3      | Found a snail-covered altar of Cheibriados.
  2629 | D:4      | Noticed a black bear
  2642 | D:4      | Killed a black bear
  2643 | D:4      | Gained mutation: You have a sharp stinger which inflicts
                  | weakening toxins. [demonic ancestry]
  2643 | D:4      | Reached XP level 6. HP: 48/48 MP: 6/6
  3170 | D:4      | Reached *** piety under Trog
  3171 | D:4      | Reached skill level 6 in Maces & Flails
  3619 | D:5      | Entered Level 5 of the Dungeon
  3656 | D:5      | Noticed Pikel
  3685 | D:5      | Killed from afar by Pikel

Illustrated notes

Levels and vault maps discovered:
D:1:      roadster_arrival_rocket_large, layout_basic, chequers_garden
D:2:      minmay_spotlight, layout_rooms, serial_shops,
          nicolae_shop_industrial_runoff, nicolae_shop_hallway_stairs,
          hex_medium, minmay_split_cup_small
D:3:      layout_rooms, minitemple, nemelex_altar_shiori,
          mainiacjoe_overflow_tiny_flanked, zin_scriptorium,
          chequers_serial_rivers_large_a, kennysheep_generic_room_14,
          uniq_terence
D:4:      layout_basic
D:5:      layout_basic, minmay_temple_entry_statues_fountains, uniq_pikel

Skill      XL: |  1  2  3  4  5  6 |
---------------+-------------------+-----
Maces & Flails | 3 4 5 6 |  6.0
Armour         | 2 3 |  3.0
Fighting       | 4 |  4.0
Dodging        | |  1.7

Action                     |  1- 3 |  4- 6 || total
---------------------------+-------+-------++-------
  Melee: Mace              |    99 |     3 ||   102
         Tailslap          |     1 |    13 ||    14
         Whip              |       |   108 ||   108
         Punch             |       |     3 ||     3
  Throw: Boomerang         |       |     9 ||     9
         Dart              |       |     6 ||     6
 Invoke: Berserk           |     2 |     4 ||     6
         Trog's Hand       |       |     1 ||     1
Ability: Begin Untransform |     1 |       ||     1
    Use: Scroll            |       |     8 ||     8
 Armour: Animal skin       |    59 |     1 ||    60
         Scale mail        |       |    11 ||    11
         Plate armour      |       |    48 ||    48
  Dodge: Dodged            |    61 |    38 ||    99
   Form: Blade             |     1 |       ||     1
